Workbook

Sheet CONSOLIDADO
B3: FUERZAS MILITARES DE COLOMBIA- MINISTERIO DE DEFENSA NACIONAL
B4: FUERZA AEROESPACIAL COLOMBIANA
B5: COMANDO AÉREO DE COMBATE No. 2
B6: OBJETO: | C6: SERVICO DE MANTENIMIENTO PREVENTIVO DEL POLIGONO AEREO DEL COMANDO AEREO DE CACOM-2
B8: CONSOLIDADO VERIFICACIÓN PROPUESTAS ECONIMICAS
B9: ITEM | C9: OFERENTE | D9: VALOR PROPUESTA
B10: 1 | C10: CONSTRUC CITY LTDA | D10: =+'CONSTRUC CITY-AJUSTE DE CANTIDA'!H31 -> 49999954
B11: 2 | C11: DBN INGENIERIA SAS | D11: =+'DBN INGENIERIA'!H31 -> 32662971
B12: 3 | C12: IKARIA CONSTRUCTORA SAS | D12: =+IKARIA!H31 -> 33454775
B13: 4 | C13: JOSE BERNARDO HERRERA LOZADA | D13: =+'JOSE LOZADA'!H31 -> 38836890
B14: 5 | C14: PROYECTOS Y SOLUCIONES EN INGENIERIA SAS | D14: =+'PROYECTOS Y SOLUCIONES'!H31 -> 39531025
B15: 6 | C15: INGENIERIA Y SUMINISTROS R&E SAS | D15: =+'R&E'!H31 -> 39959703
B16: 7 | C16: SERVIMAC SMC SAS | D16: =+SERVIMAC!H31 -> 43519141
B17: 8 | C17: SAESCO INGENIERIA SAS | D17: =+'SAESCO INGENIERIA'!H31 -> 49776584
B23: _____________________________________________________________ PD6 JAIRO ALBERTO CASTRO RODRIGUEZ COMITÉ ECONOMICO EVALUADOR

Sheet ANALISIS PRECIOS ARTIFICIALMENT
B3: FUERZAS MILITARES DE COLOMBIA- MINISTERIO DE DEFENSA NACIONAL
B4: FUERZA AEROESPACIAL COLOMBIANA
B5: COMANDO AÉREO DE COMBATE No. 2
B6: OBJETO: | C6: SERVICO DE MANTENIMIENTO PREVENTIVO DEL POLIGONO AEREO DEL COMANDO AEREO DE CACOM-2
B8: CONSOLIDADO VERIFICACIÓN PROPUESTAS ECONIMICAS
B9: ITEM | C9: OFERENTE | D9: VALOR PROPUESTA
B10: 1 | C10: =+CONSOLIDADO!C17 -> SAESCO INGENIERIA SAS | D10: =+CONSOLIDADO!D17 -> 49776584
B11: 2 | C11: =+CONSOLIDADO!C16 -> SERVIMAC SMC SAS | D11: =+CONSOLIDADO!D16 -> 43519141
B12: 3 | C12: =+CONSOLIDADO!C15 -> INGENIERIA Y SUMINISTROS R&E SAS | D12: =+CONSOLIDADO!D15 -> 39959703
B13: 4 | C13: =+CONSOLIDADO!C14 -> PROYECTOS Y SOLUCIONES EN INGENIERIA SAS | D13: =+CONSOLIDADO!D14 -> 39531025
B14: 5 | C14: =+CONSOLIDADO!C13 -> JOSE BERNARDO HERRERA LOZADA | D14: =+CONSOLIDADO!D13 -> 38836890
B15: 6 | C15: =+CONSOLIDADO!C12 -> IKARIA CONSTRUCTORA SAS | D15: =+CONSOLIDADO!D12 -> 33454775
B16: 7 | C16: =+CONSOLIDADO!C11 -> DBN INGENIERIA SAS | D16: =+CONSOLIDADO!D11 -> 32662971
B17: 8 | C17: =+CONSOLIDADO!C10 -> CONSTRUC CITY LTDA | D17: =+CONSOLIDADO!D10 -> 49999954
B18: METODOLOGIA UTILIZADA PARA IDENTIFICAR PRECIOS ARTIFICIALEMENTE BAJOS (Guía para el manejo de ofertas artificialmente bajas en Procesos de Contratación Colombia Compra Eficiente)
B33: ITEM | C33: OFERENTE | D33: VALOR PROPUESTA | E33: MEDIANA | F33: DISTANCIA ENTRE LA MEDIANA Y LA PROPUESTA
B34: 1 | C34: SAESCO INGENIERIA SAS | D34: 49776584 | E34: -39183958 | F34: 10592626 | G34: 1.1220372e+14
B35: 2 | C35: SERVIMAC SMC SAS | D35: 43519141 | E35: -39183958 | F35: 4335182.7 | G35: 1.8793809e+13
B36: 3 | C36: INGENIERIA Y SUMINISTROS R&E SAS | D36: 39959703 | E36: -39183958 | F36: 775744.66 | G36: 6.0177978e+11
B37: 4 | C37: PROYECTOS Y SOLUCIONES EN INGENIERIA SAS | D37: 39531025 | E37: -39183958 | F37: 347067.36 | G37: 1.2045575e+11
B38: 5 | C38: JOSE BERNARDO HERRERA LOZADA | D38: 38836890 | E38: -39183958 | F38: -347067.36 | G38: 1.2045575e+11
B39: 6 | C39: IKARIA CONSTRUCTORA SAS | D39: 33454775 | E39: -39183958 | F39: -5729182.4 | G39: 3.2823531e+13
B40: 7 | C40: DBN INGENIERIA SAS | D40: 32662971 | E40: -39183958 | F40: -6520986.6 | G40: 4.2523266e+13
B41: 8 | C41: CONSTRUC CITY LTDA | D41: 29200918 | E41: -39183958 | F41: -9983040.1 | G41: 9.9661089e+13
G42: 3.0684811e+14
D43: 3.0694201e+08 | F43: PROMEDIO OFERTAS | G43: 3.8356013e+13
F44: DESVIACIÓN ESTANDAR | G44: 6193223.2
C45: 39183958 | D45: Mediana
F46: VALOR MINIMO ACEPTABLE | G46: 32990735
B57: _____________________________________________________________ PD6 JAIRO ALBERTO CASTRO RODRIGUEZ COMITÉ ECONOMICO EVALUADOR

Sheet CONSTRUC CITY-AJUSTE DE CANTIDA
B3: FUERZAS MILITARES DE COLOMBIA- MINISTERIO DE DEFENSA NACIONAL
B4: FUERZA AEROESPACIAL COLOMBIANA
B5: COMANDO AÉREO DE COMBATE No. 2
B6: OBJETO: | C6: SERVICO DE MANTENIMIENTO PREVENTIVO DEL POLIGONO AEREO DEL COMANDO AEREO DE CACOM-2
B9: NOTAS:
B10: Las cantidades de obra que a continuación se presentan son aproximadas.
B11: Su pago será determinado por la obra medida, realmente ejecutada, previa medición por parte de la supervision.
B12: Durante la ejecución de la obra se deben verificar las medidas por parte del contratista y la supervision
B13: El contratista deberá prever todos los costos correspondientes a materiales, mano de obra, transportes y demás costos directos e indirectos requeridos para realizar la totalidad de las obras.
B14: CORRECCIÓN A LA OFERTA ECONOMICA: CONSTRUC CITY LTDA
B15: PRESUPUESTO OFICIAL ASIGNADO RUBRO 02-02-02-005-004-03 R10 $50.000.000,00
B17: ÍTEM | C17: ACTIVIDAD | D17: UND | E17: VALOR UNITARIO | F17: CANTIDAD | G17: VALOR PARCIAL | H17: VALOR TOTAL
B18: 1 | C18: PRELIMINARES | H18: =SUM(G19:G20) -> 17479400
B19: 1.1 | C19: DESCAPOTE VIAL (INCLUYE CARGUE Y RETIRO) | D19: M2 | E19: 5500 | F19: =90*4 -> 360 | G19: =ROUND(E19*F19,2) -> 1980000
B20: 1.2 | C20: DESCAPOTE DE ARBUSTOS Y HIERBAS, CON DESBROZADORA *Guadaña | D20: M2 | E20: 700 | F20: 22142 | G20: =ROUND(E20*F20,2) -> 15499400
B21: 2 | C21: FUMIGACION | H21: =SUM(G22) -> 3927000
B22: 2.1 | C22: APLICACIÓN HERBICIDA | D22: M2 | E22: 500 | F22: 7854 | G22: =ROUND(E22*F22,2) -> 3927000
B23: 3 | C23: RELLENOS | H23: =SUM(G24) -> 21052800
B24: 3.1 | C24: RELLENO COMPACTADO DE MATERIAL MIXTO AL 95% DEL PROCTOR MODIFICADO DE ACUERDO A PLANOS EN MATERIAL SELECCIONADO DE LA EXCAVACIÓN. INCLUYE SUMINISTRO, EXTENDIDO, NIVELACIÓN, HUMEDECIMIENTO Y COMPACTACIÓN. | D24: M3 | E24: 146200 | F24: 144 | G24: =ROUND(E24*F24,2) -> 21052800
B25: TOTAL COSTOS DIRECTOS | H25: =SUM(H18:H24) -> 42459200
B26: ADMINISTRACIÓN % | D26: A | F26: 0.1 | H26: =+H25*F26 -> 4245920
B27: IMPREVISTOS % | D27: I | F27: 0.03 | H27: =+H25*F27 -> 1273776
B28: UTILIDADES % | D28: U | F28: 0.04 | H28: =+H25*F28 -> 1698368
B29: IVA SOBRE UTILIDAD | D29: % | F29: 0.19 | H29: =+H28*F29 -> 322689.92
B30: TOTAL COSTOS INDIRECTOS (A.I.U)+ IVA SOBRE UTILIDAD | H30: =SUM(H26:H29) -> 7540753.9
B31: VALOR TOTAL OBRAS CIVILES | H31: =+H25+H30 -> 49999954
C33: TOTAL OFERTA RUBRO 02-02-02-005-004-03 R 10 | G33: TOTAL PRESUPUESTO ASIGNADO RUBRO 02-02-02 SOBREPASAR EL VALOR DEL PRESUPUESTO ASIGNADO SERÁ CAUSAL DE RECHAZO | H33: TOTAL OFERTA RUBRO 02-02-02
G34: 50000000 | H34: =+H31 -> 49999954
B40: _____________________________________________________________ PD6 JAIRO ALBERTO CASTRO RODRIGUEZ COMITÉ ECONOMICO EVALUADOR

Sheet DBN INGENIERIA
B3: FUERZAS MILITARES DE COLOMBIA- MINISTERIO DE DEFENSA NACIONAL
B4: FUERZA AEROESPACIAL COLOMBIANA
B5: COMANDO AÉREO DE COMBATE No. 2
B6: OBJETO: | C6: SERVICO DE MANTENIMIENTO PREVENTIVO DEL POLIGONO AEREO DEL COMANDO AEREO DE CACOM-2
B9: NOTAS:
B10: Las cantidades de obra que a continuación se presentan son aproximadas.
B11: Su pago será determinado por la obra medida, realmente ejecutada, previa medición por parte de la supervision.
B12: Durante la ejecución de la obra se deben verificar las medidas por parte del contratista y la supervision
B13: El contratista deberá prever todos los costos correspondientes a materiales, mano de obra, transportes y demás costos directos e indirectos requeridos para realizar la totalidad de las obras.
B14: CORRECCIÓN A LA OFERTA ECONOMICA: DBN INGENIERIA SAS
B15: PRESUPUESTO OFICIAL ASIGNADO RUBRO 02-02-02-005-004-03 R10 $50.000.000,00
B17: ÍTEM | C17: ACTIVIDAD | D17: UND | E17: VALOR UNITARIO | F17: CANTIDAD | G17: VALOR PARCIAL | H17: VALOR TOTAL
B18: 1 | C18: PRELIMINARES | H18: =SUM(G19:G20) -> 15522850
B19: 1.1 | C19: DESCAPOTE VIAL (INCLUYE CARGUE Y RETIRO) | D19: M2 | E19: 6200 | F19: 36.75 | G19: =ROUND(E19*F19,2) -> 227850
B20: 1.2 | C20: DESCAPOTE DE ARBUSTOS Y HIERBAS, CON DESBROZADORA *Guadaña | D20: M2 | E20: 700 | F20: 21850 | G20: =ROUND(E20*F20,2) -> 15295000
B21: 2 | C21: FUMIGACION | H21: =SUM(G22) -> 6675900
B22: 2.1 | C22: APLICACIÓN HERBICIDA | D22: M2 | E22: 850 | F22: 7854 | G22: =ROUND(E22*F22,2) -> 6675900
B23: 3 | C23: RELLENOS | H23: =SUM(G24) -> 6063750
B24: 3.1 | C24: RELLENO COMPACTADO DE MATERIAL MIXTO AL 95% DEL PROCTOR MODIFICADO DE ACUERDO A PLANOS EN MATERIAL SELECCIONADO DE LA EXCAVACIÓN. INCLUYE SUMINISTRO, EXTENDIDO, NIVELACIÓN, HUMEDECIMIENTO Y COMPACTACIÓN. | D24: M3 | E24: 165000 | F24: 36.75 | G24: =ROUND(E24*F24,2) -> 6063750
B25: TOTAL COSTOS DIRECTOS | H25: =SUM(H18:H24) -> 28262500
B26: ADMINISTRACIÓN % | D26: A | F26: 0.11 | H26: =+H25*F26 -> 3108875
B27: IMPREVISTOS % | D27: I | F27: 0.01 | H27: =+H25*F27 -> 282625
B28: UTILIDADES % | D28: U | F28: 0.03 | H28: =+H25*F28 -> 847875
B29: IVA SOBRE UTILIDAD | D29: % | F29: 0.19 | H29: =+H28*F29 -> 161096.25
B30: TOTAL COSTOS INDIRECTOS (A.I.U)+ IVA SOBRE UTILIDAD | H30: =SUM(H26:H29) -> 4400471.2
B31: VALOR TOTAL OBRAS CIVILES | H31: =+H25+H30 -> 32662971
C33: TOTAL OFERTA RUBRO 02-02-02-005-004-03 R 10 | G33: TOTAL PRESUPUESTO ASIGNADO RUBRO 02-02-02 SOBREPASAR EL VALOR DEL PRESUPUESTO ASIGNADO SERÁ CAUSAL DE RECHAZO | H33: TOTAL OFERTA RUBRO 02-02-02
G34: 50000000 | H34: =+H31 -> 32662971
B40: _____________________________________________________________ PD6 JAIRO ALBERTO CASTRO RODRIGUEZ COMITÉ ECONOMICO EVALUADOR

Sheet IKARIA
B3: FUERZAS MILITARES DE COLOMBIA- MINISTERIO DE DEFENSA NACIONAL
B4: FUERZA AEROESPACIAL COLOMBIANA
B5: COMANDO AÉREO DE COMBATE No. 2
B6: OBJETO: | C6: SERVICO DE MANTENIMIENTO PREVENTIVO DEL POLIGONO AEREO DEL COMANDO AEREO DE CACOM-2
B9: NOTAS:
B10: Las cantidades de obra que a continuación se presentan son aproximadas.
B11: Su pago será determinado por la obra medida, realmente ejecutada, previa medición por parte de la supervision.
B12: Durante la ejecución de la obra se deben verificar las medidas por parte del contratista y la supervision
B13: El contratista deberá prever todos los costos correspondientes a materiales, mano de obra, transportes y demás costos directos e indirectos requeridos para realizar la totalidad de las obras.
B14: CORRECCIÓN A LA OFERTA ECONOMICA: IKARIA CONSTRUCTORA SAS
B15: PRESUPUESTO OFICIAL ASIGNADO RUBRO 02-02-02-005-004-03 R10 $50.000.000,00
B17: ÍTEM | C17: ACTIVIDAD | D17: UND | E17: VALOR UNITARIO | F17: CANTIDAD | G17: VALOR PARCIAL | H17: VALOR TOTAL
B18: 1 | C18: PRELIMINARES | H18: =SUM(G19:G20) -> 16191736
B19: 1.1 | C19: DESCAPOTE VIAL (INCLUYE CARGUE Y RETIRO) | D19: M2 | E19: 4186 | F19: 36.75 | G19: =ROUND(E19*F19,2) -> 153835.5
B20: 1.2 | C20: DESCAPOTE DE ARBUSTOS Y HIERBAS, CON DESBROZADORA *Guadaña | D20: M2 | E20: 734 | F20: 21850 | G20: =ROUND(E20*F20,2) -> 16037900
B21: 2 | C21: FUMIGACION | H21: =SUM(G22) -> 5544924
B22: 2.1 | C22: APLICACIÓN HERBICIDA | D22: M2 | E22: 706 | F22: 7854 | G22: =ROUND(E22*F22,2) -> 5544924
B23: 3 | C23: RELLENOS | H23: =SUM(G24) -> 5471193
B24: 3.1 | C24: RELLENO COMPACTADO DE MATERIAL MIXTO AL 95% DEL PROCTOR MODIFICADO DE ACUERDO A PLANOS EN MATERIAL SELECCIONADO DE LA EXCAVACIÓN. INCLUYE SUMINISTRO, EXTENDIDO, NIVELACIÓN, HUMEDECIMIENTO Y COMPACTACIÓN. | D24: M3 | E24: 148876 | F24: 36.75 | G24: =ROUND(E24*F24,2) -> 5471193
B25: TOTAL COSTOS DIRECTOS | H25: =SUM(H18:H24) -> 27207852
B26: ADMINISTRACIÓN % | D26: A | F26: 0.172 | H26: =+H25*F26 -> 4679750.6
B27: IMPREVISTOS % | D27: I | F27: 0.01 | H27: =+H25*F27 -> 272078.53
B28: UTILIDADES % | D28: U | F28: 0.04 | H28: =+H25*F28 -> 1088314.1
B29: IVA SOBRE UTILIDAD | D29: % | F29: 0.19 | H29: =+H28*F29 -> 206779.68
B30: TOTAL COSTOS INDIRECTOS (A.I.U)+ IVA SOBRE UTILIDAD | H30: =SUM(H26:H29) -> 6246922.9
B31: VALOR TOTAL OBRAS CIVILES | H31: =+H25+H30 -> 33454775
C33: TOTAL OFERTA RUBRO 02-02-02-005-004-03 R 10 | G33: TOTAL PRESUPUESTO ASIGNADO RUBRO 02-02-02 SOBREPASAR EL VALOR DEL PRESUPUESTO ASIGNADO SERÁ CAUSAL DE RECHAZO | H33: TOTAL OFERTA RUBRO 02-02-02
G34: 50000000 | H34: =+H31 -> 33454775
B40: _____________________________________________________________ PD6 JAIRO ALBERTO CASTRO RODRIGUEZ COMITÉ ECONOMICO EVALUADOR ]

Sheet JOSE LOZADA
B3: FUERZAS MILITARES DE COLOMBIA- MINISTERIO DE DEFENSA NACIONAL
B4: FUERZA AEROESPACIAL COLOMBIANA
B5: COMANDO AÉREO DE COMBATE No. 2
B6: OBJETO: | C6: SERVICO DE MANTENIMIENTO PREVENTIVO DEL POLIGONO AEREO DEL COMANDO AEREO DE CACOM-2
B9: NOTAS:
B10: Las cantidades de obra que a continuación se presentan son aproximadas.
B11: Su pago será determinado por la obra medida, realmente ejecutada, previa medición por parte de la supervision.
B12: Durante la ejecución de la obra se deben verificar las medidas por parte del contratista y la supervision
B13: El contratista deberá prever todos los costos correspondientes a materiales, mano de obra, transportes y demás costos directos e indirectos requeridos para realizar la totalidad de las obras.
B14: CORRECCIÓN A LA OFERTA ECONOMICA: JOSE BERNARDO HERRERA LOZADA
B15: PRESUPUESTO OFICIAL ASIGNADO RUBRO 02-02-02-005-004-03 R10 $50.000.000,00
B17: ÍTEM | C17: ACTIVIDAD | D17: UND | E17: VALOR UNITARIO | F17: CANTIDAD | G17: VALOR PARCIAL | H17: VALOR TOTAL
B18: 1 | C18: PRELIMINARES | H18: =SUM(G19:G20) -> 18224422
B19: 1.1 | C19: DESCAPOTE VIAL (INCLUYE CARGUE Y RETIRO) | D19: M2 | E19: 5987 | F19: 36.75 | G19: =ROUND(E19*F19,2) -> 220022.25
B20: 1.2 | C20: DESCAPOTE DE ARBUSTOS Y HIERBAS, CON DESBROZADORA *Guadaña | D20: M2 | E20: 824 | F20: 21850 | G20: =ROUND(E20*F20,2) -> 18004400
B21: 2 | C21: FUMIGACION | H21: =SUM(G22) -> 6141828
B22: 2.1 | C22: APLICACIÓN HERBICIDA | D22: M2 | E22: 782 | F22: 7854 | G22: =ROUND(E22*F22,2) -> 6141828
B23: 3 | C23: RELLENOS | H23: =SUM(G24) -> 7218729
B24: 3.1 | C24: RELLENO COMPACTADO DE MATERIAL MIXTO AL 95% DEL PROCTOR MODIFICADO DE ACUERDO A PLANOS EN MATERIAL SELECCIONADO DE LA EXCAVACIÓN. INCLUYE SUMINISTRO, EXTENDIDO, NIVELACIÓN, HUMEDECIMIENTO Y COMPACTACIÓN. | D24: M3 | E24: 196428 | F24: 36.75 | G24: =ROUND(E24*F24,2) -> 7218729
B25: TOTAL COSTOS DIRECTOS | H25: =SUM(H18:H24) -> 31584979
B26: ADMINISTRACIÓN % | D26: A | F26: 0.172 | H26: =+H25*F26 -> 5432616.4
B27: IMPREVISTOS % | D27: I | F27: 0.01 | H27: =+H25*F27 -> 315849.79
B28: UTILIDADES % | D28: U | F28: 0.04 | H28: =+H25*F28 -> 1263399.2
B29: IVA SOBRE UTILIDAD | D29: % | F29: 0.19 | H29: =+H28*F29 -> 240045.84
B30: TOTAL COSTOS INDIRECTOS (A.I.U)+ IVA SOBRE UTILIDAD | H30: =SUM(H26:H29) -> 7251911.2
B31: VALOR TOTAL OBRAS CIVILES | H31: =+H25+H30 -> 38836890
C33: TOTAL OFERTA RUBRO 02-02-02-005-004-03 R 10 | G33: TOTAL PRESUPUESTO ASIGNADO RUBRO 02-02-02 SOBREPASAR EL VALOR DEL PRESUPUESTO ASIGNADO SERÁ CAUSAL DE RECHAZO | H33: TOTAL OFERTA RUBRO 02-02-02
G34: 50000000 | H34: =+H31 -> 38836890
B40: _____________________________________________________________ PD6 JAIRO ALBERTO CASTRO RODRIGUEZ COMITÉ ECONOMICO EVALUADOR

Sheet PROYECTOS Y SOLUCIONES
B3: FUERZAS MILITARES DE COLOMBIA- MINISTERIO DE DEFENSA NACIONAL
B4: FUERZA AEROESPACIAL COLOMBIANA
B5: COMANDO AÉREO DE COMBATE No. 2
B6: OBJETO: | C6: SERVICO DE MANTENIMIENTO PREVENTIVO DEL POLIGONO AEREO DEL COMANDO AEREO DE CACOM-2
B9: NOTAS:
B10: Las cantidades de obra que a continuación se presentan son aproximadas.
B11: Su pago será determinado por la obra medida, realmente ejecutada, previa medición por parte de la supervision.
B12: Durante la ejecución de la obra se deben verificar las medidas por parte del contratista y la supervision
B13: El contratista deberá prever todos los costos correspondientes a materiales, mano de obra, transportes y demás costos directos e indirectos requeridos para realizar la totalidad de las obras.
B14: CORRECCIÓN A LA OFERTA ECONOMICA: PROYECTOS Y SOLUCIONES EN INGENIERIA SAS
B15: PRESUPUESTO OFICIAL ASIGNADO RUBRO 02-02-02-005-004-03 R10 $50.000.000,00
B17: ÍTEM | C17: ACTIVIDAD | D17: UND | E17: VALOR UNITARIO | F17: CANTIDAD | G17: VALOR PARCIAL | H17: VALOR TOTAL
B18: 1 | C18: PRELIMINARES | H18: =SUM(G19:G20) -> 19885500
B19: 1.1 | C19: DESCAPOTE VIAL (INCLUYE CARGUE Y RETIRO) | D19: M2 | E19: 6000 | F19: 36.75 | G19: =ROUND(E19*F19,2) -> 220500
B20: 1.2 | C20: DESCAPOTE DE ARBUSTOS Y HIERBAS, CON DESBROZADORA *Guadaña | D20: M2 | E20: 900 | F20: 21850 | G20: =ROUND(E20*F20,2) -> 19665000
B21: 2 | C21: FUMIGACION | H21: =SUM(G22) -> 7854000
B22: 2.1 | C22: APLICACIÓN HERBICIDA | D22: M2 | E22: 1000 | F22: 7854 | G22: =ROUND(E22*F22,2) -> 7854000
B23: 3 | C23: RELLENOS | H23: =SUM(G24) -> 4410000
B24: 3.1 | C24: RELLENO COMPACTADO DE MATERIAL MIXTO AL 95% DEL PROCTOR MODIFICADO DE ACUERDO A PLANOS EN MATERIAL SELECCIONADO DE LA EXCAVACIÓN. INCLUYE SUMINISTRO, EXTENDIDO, NIVELACIÓN, HUMEDECIMIENTO Y COMPACTACIÓN. | D24: M3 | E24: 120000 | F24: 36.75 | G24: =ROUND(E24*F24,2) -> 4410000
B25: TOTAL COSTOS DIRECTOS | H25: =SUM(H18:H24) -> 32149500
B26: ADMINISTRACIÓN % | D26: A | F26: 0.172 | H26: =+H25*F26 -> 5529714
B27: IMPREVISTOS % | D27: I | F27: 0.01 | H27: =+H25*F27 -> 321495
B28: UTILIDADES % | D28: U | F28: 0.04 | H28: =+H25*F28 -> 1285980
B29: IVA SOBRE UTILIDAD | D29: % | F29: 0.19 | H29: =+H28*F29 -> 244336.2
B30: TOTAL COSTOS INDIRECTOS (A.I.U)+ IVA SOBRE UTILIDAD | H30: =SUM(H26:H29) -> 7381525.2
B31: VALOR TOTAL OBRAS CIVILES | H31: =+H25+H30 -> 39531025
C33: TOTAL OFERTA RUBRO 02-02-02-005-004-03 R 10 | G33: TOTAL PRESUPUESTO ASIGNADO RUBRO 02-02-02 SOBREPASAR EL VALOR DEL PRESUPUESTO ASIGNADO SERÁ CAUSAL DE RECHAZO | H33: TOTAL OFERTA RUBRO 02-02-02
G34: 50000000 | H34: =+H31 -> 39531025
B40: _____________________________________________________________ PD6 JAIRO ALBERTO CASTRO RODRIGUEZ COMITÉ ECONOMICO EVALUADOR

Sheet R&E
B3: FUERZAS MILITARES DE COLOMBIA- MINISTERIO DE DEFENSA NACIONAL
B4: FUERZA AEROESPACIAL COLOMBIANA
B5: COMANDO AÉREO DE COMBATE No. 2
B6: OBJETO: | C6: SERVICO DE MANTENIMIENTO PREVENTIVO DEL POLIGONO AEREO DEL COMANDO AEREO DE CACOM-2
B9: NOTAS:
B10: Las cantidades de obra que a continuación se presentan son aproximadas.
B11: Su pago será determinado por la obra medida, realmente ejecutada, previa medición por parte de la supervision.
B12: Durante la ejecución de la obra se deben verificar las medidas por parte del contratista y la supervision
B13: El contratista deberá prever todos los costos correspondientes a materiales, mano de obra, transportes y demás costos directos e indirectos requeridos para realizar la totalidad de las obras.
B14: CORRECCIÓN A LA OFERTA ECONOMICA: INGENIERIA Y SUMINISTROS R&E SAS
B15: PRESUPUESTO OFICIAL ASIGNADO RUBRO 02-02-02-005-004-03 R10 $50.000.000,00
B17: ÍTEM | C17: ACTIVIDAD | D17: UND | E17: VALOR UNITARIO | F17: CANTIDAD | G17: VALOR PARCIAL | H17: VALOR TOTAL
B18: 1 | C18: PRELIMINARES | H18: =SUM(G19:G20) -> 19345698
B19: 1.1 | C19: DESCAPOTE VIAL (INCLUYE CARGUE Y RETIRO) | D19: M2 | E19: 4998.23 | F19: 36.75 | G19: =ROUND(E19*F19,2) -> 183684.95
B20: 1.2 | C20: DESCAPOTE DE ARBUSTOS Y HIERBAS, CON DESBROZADORA *Guadaña | D20: M2 | E20: 876.98 | F20: 21850 | G20: =ROUND(E20*F20,2) -> 19162013
B21: 2 | C21: FUMIGACION | H21: =SUM(G22) -> 6619665.4
B22: 2.1 | C22: APLICACIÓN HERBICIDA | D22: M2 | E22: 842.84 | F22: 7854 | G22: =ROUND(E22*F22,2) -> 6619665.4
B23: 3 | C23: RELLENOS | H23: =SUM(G24) -> 6532768.2
B24: 3.1 | C24: RELLENO COMPACTADO DE MATERIAL MIXTO AL 95% DEL PROCTOR MODIFICADO DE ACUERDO A PLANOS EN MATERIAL SELECCIONADO DE LA EXCAVACIÓN. INCLUYE SUMINISTRO, EXTENDIDO, NIVELACIÓN, HUMEDECIMIENTO Y COMPACTACIÓN. | D24: M3 | E24: 177762.4 | F24: 36.75 | G24: =ROUND(E24*F24,2) -> 6532768.2
B25: TOTAL COSTOS DIRECTOS | H25: =SUM(H18:H24) -> 32498132
B26: ADMINISTRACIÓN % | D26: A | F26: 0.172 | H26: =+H25*F26 -> 5589678.6
B27: IMPREVISTOS % | D27: I | F27: 0.01 | H27: =+H25*F27 -> 324981.32
B28: UTILIDADES % | D28: U | F28: 0.04 | H28: =+H25*F28 -> 1299925.3
B29: IVA SOBRE UTILIDAD | D29: % | F29: 0.19 | H29: =+H28*F29 -> 246985.8
B30: TOTAL COSTOS INDIRECTOS (A.I.U)+ IVA SOBRE UTILIDAD | H30: =SUM(H26:H29) -> 7461571
B31: VALOR TOTAL OBRAS CIVILES | H31: =+H25+H30 -> 39959703
C33: TOTAL OFERTA RUBRO 02-02-02-005-004-03 R 10 | G33: TOTAL PRESUPUESTO ASIGNADO RUBRO 02-02-02 SOBREPASAR EL VALOR DEL PRESUPUESTO ASIGNADO SERÁ CAUSAL DE RECHAZO | H33: TOTAL OFERTA RUBRO 02-02-02
G34: 50000000 | H34: =+H31 -> 39959703
B40: _____________________________________________________________ PD6 JAIRO ALBERTO CASTRO RODRIGUEZ COMITÉ ECONOMICO EVALUADOR

Sheet SERVIMAC
B3: FUERZAS MILITARES DE COLOMBIA- MINISTERIO DE DEFENSA NACIONAL
B4: FUERZA AEROESPACIAL COLOMBIANA
B5: COMANDO AÉREO DE COMBATE No. 2
B6: OBJETO: | C6: SERVICO DE MANTENIMIENTO PREVENTIVO DEL POLIGONO AEREO DEL COMANDO AEREO DE CACOM-2
B9: NOTAS:
B10: Las cantidades de obra que a continuación se presentan son aproximadas.
B11: Su pago será determinado por la obra medida, realmente ejecutada, previa medición por parte de la supervision.
B12: Durante la ejecución de la obra se deben verificar las medidas por parte del contratista y la supervision
B13: El contratista deberá prever todos los costos correspondientes a materiales, mano de obra, transportes y demás costos directos e indirectos requeridos para realizar la totalidad de las obras.
B14: CORRECCIÓN A LA OFERTA ECONOMICA: SERVIMAC SMC SAS
B15: PRESUPUESTO OFICIAL ASIGNADO RUBRO 02-02-02-005-004-03 R10 $50.000.000,00
B17: ÍTEM | C17: ACTIVIDAD | D17: UND | E17: VALOR UNITARIO | F17: CANTIDAD | G17: VALOR PARCIAL | H17: VALOR TOTAL
B18: 1 | C18: PRELIMINARES | H18: =SUM(G19:G20) -> 20974325
B19: 1.1 | C19: DESCAPOTE VIAL (INCLUYE CARGUE Y RETIRO) | D19: M2 | E19: 5900 | F19: 36.75 | G19: =ROUND(E19*F19,2) -> 216825
B20: 1.2 | C20: DESCAPOTE DE ARBUSTOS Y HIERBAS, CON DESBROZADORA *Guadaña | D20: M2 | E20: 950 | F20: 21850 | G20: =ROUND(E20*F20,2) -> 20757500
B21: 2 | C21: FUMIGACION | H21: =SUM(G22) -> 7068600
B22: 2.1 | C22: APLICACIÓN HERBICIDA | D22: M2 | E22: 900 | F22: 7854 | G22: =ROUND(E22*F22,2) -> 7068600
B23: 3 | C23: RELLENOS | H23: =SUM(G24) -> 7350000
B24: 3.1 | C24: RELLENO COMPACTADO DE MATERIAL MIXTO AL 95% DEL PROCTOR MODIFICADO DE ACUERDO A PLANOS EN MATERIAL SELECCIONADO DE LA EXCAVACIÓN. INCLUYE SUMINISTRO, EXTENDIDO, NIVELACIÓN, HUMEDECIMIENTO Y COMPACTACIÓN. | D24: M3 | E24: 200000 | F24: 36.75 | G24: =ROUND(E24*F24,2) -> 7350000
B25: TOTAL COSTOS DIRECTOS | H25: =SUM(H18:H24) -> 35392925
B26: ADMINISTRACIÓN % | D26: A | F26: 0.172 | H26: =+H25*F26 -> 6087583.1
B27: IMPREVISTOS % | D27: I | F27: 0.01 | H27: =+H25*F27 -> 353929.25
B28: UTILIDADES % | D28: U | F28: 0.04 | H28: =+H25*F28 -> 1415717
B29: IVA SOBRE UTILIDAD | D29: % | F29: 0.19 | H29: =+H28*F29 -> 268986.23
B30: TOTAL COSTOS INDIRECTOS (A.I.U)+ IVA SOBRE UTILIDAD | H30: =SUM(H26:H29) -> 8126215.6
B31: VALOR TOTAL OBRAS CIVILES | H31: =+H25+H30 -> 43519141
C33: TOTAL OFERTA RUBRO 02-02-02-005-004-03 R 10 | G33: TOTAL PRESUPUESTO ASIGNADO RUBRO 02-02-02 SOBREPASAR EL VALOR DEL PRESUPUESTO ASIGNADO SERÁ CAUSAL DE RECHAZO | H33: TOTAL OFERTA RUBRO 02-02-02
G34: 50000000 | H34: =+H31 -> 43519141
B40: _____________________________________________________________ PD6 JAIRO ALBERTO CASTRO RODRIGUEZ COMITÉ ECONOMICO EVALUADOR

Sheet SAESCO INGENIERIA
B3: FUERZAS MILITARES DE COLOMBIA- MINISTERIO DE DEFENSA NACIONAL
B4: FUERZA AEROESPACIAL COLOMBIANA
B5: COMANDO AÉREO DE COMBATE No. 2
B6: OBJETO: | C6: SERVICO DE MANTENIMIENTO PREVENTIVO DEL POLIGONO AEREO DEL COMANDO AEREO DE CACOM-2
B9: NOTAS:
B10: Las cantidades de obra que a continuación se presentan son aproximadas.
B11: Su pago será determinado por la obra medida, realmente ejecutada, previa medición por parte de la supervision.
B12: Durante la ejecución de la obra se deben verificar las medidas por parte del contratista y la supervision
B13: El contratista deberá prever todos los costos correspondientes a materiales, mano de obra, transportes y demás costos directos e indirectos requeridos para realizar la totalidad de las obras.
B14: CORRECCIÓN A LA OFERTA ECONOMICA: SAESCO INGENIERIA SAS
B15: PRESUPUESTO OFICIAL ASIGNADO RUBRO 02-02-02-005-004-03 R10 $50.000.000,00
B17: ÍTEM | C17: ACTIVIDAD | D17: UND | E17: VALOR UNITARIO | F17: CANTIDAD | G17: VALOR PARCIAL | H17: VALOR TOTAL
B18: 1 | C18: PRELIMINARES | H18: =SUM(G19:G20) -> 24045820
B19: 1.1 | C19: DESCAPOTE VIAL (INCLUYE CARGUE Y RETIRO) | D19: M2 | E19: 6240 | F19: 36.75 | G19: =ROUND(E19*F19,2) -> 229320
B20: 1.2 | C20: DESCAPOTE DE ARBUSTOS Y HIERBAS, CON DESBROZADORA *Guadaña | D20: M2 | E20: 1090 | F20: 21850 | G20: =ROUND(E20*F20,2) -> 23816500
B21: 2 | C21: FUMIGACION | H21: =SUM(G22) -> 8270262
B22: 2.1 | C22: APLICACIÓN HERBICIDA | D22: M2 | E22: 1053 | F22: 7854 | G22: =ROUND(E22*F22,2) -> 8270262
B23: 3 | C23: RELLENOS | H23: =SUM(G24) -> 8165850
B24: 3.1 | C24: RELLENO COMPACTADO DE MATERIAL MIXTO AL 95% DEL PROCTOR MODIFICADO DE ACUERDO A PLANOS EN MATERIAL SELECCIONADO DE LA EXCAVACIÓN. INCLUYE SUMINISTRO, EXTENDIDO, NIVELACIÓN, HUMEDECIMIENTO Y COMPACTACIÓN. | D24: M3 | E24: 222200 | F24: 36.75 | G24: =ROUND(E24*F24,2) -> 8165850
B25: TOTAL COSTOS DIRECTOS | H25: =SUM(H18:H24) -> 40481932
B26: ADMINISTRACIÓN % | D26: A | F26: 0.172 | H26: =+H25*F26 -> 6962892.3
B27: IMPREVISTOS % | D27: I | F27: 0.01 | H27: =+H25*F27 -> 404819.32
B28: UTILIDADES % | D28: U | F28: 0.04 | H28: =+H25*F28 -> 1619277.3
B29: IVA SOBRE UTILIDAD | D29: % | F29: 0.19 | H29: =+H28*F29 -> 307662.68
B30: TOTAL COSTOS INDIRECTOS (A.I.U)+ IVA SOBRE UTILIDAD | H30: =SUM(H26:H29) -> 9294651.6
B31: VALOR TOTAL OBRAS CIVILES | H31: =+H25+H30 -> 49776584
C33: TOTAL OFERTA RUBRO 02-02-02-005-004-03 R 10 | G33: TOTAL PRESUPUESTO ASIGNADO RUBRO 02-02-02 SOBREPASAR EL VALOR DEL PRESUPUESTO ASIGNADO SERÁ CAUSAL DE RECHAZO | H33: TOTAL OFERTA RUBRO 02-02-02
G34: 50000000 | H34: =+H31 -> 49776584
B40: _____________________________________________________________ PD6 JAIRO ALBERTO CASTRO RODRIGUEZ COMITÉ ECONOMICO EVALUADOR
